 Dungeon Crawl Stone Soup version 0.28.0-1-gb440e238dd (webtiles) character file.

Game seed: 16025174996964290337

995 pkoi the Martial Artist (level 7, -2/57 HPs)
             Began as a Purple Draconian Monk on Feb 22, 2022.
             Was a Believer of Sif Muna.
             Slain by an ogre (24 damage)
             ... on level 5 of the Dungeon.
             The game lasted 00:04:38 (6033 turns).

pkoi the Martial Artist (Purple Draconian Monk)     Turns: 6033, Time: 00:04:39

Health: -2/57      AC: 10    Str: 19    XL:     7   Next: 99%
Magic:  7/7        EV: 12    Int: 13    God:    Sif Muna [**....]
Gold:   116        SH:  0    Dex: 13    Spells: 6/6 levels left

rFire   . . .      SeeInvis .     - Unarmed
rCold   . . .      Faith    .   (no shield)
rNeg    . . .      Spirit   .   (armour unavailable)
rPois   .          Reflect  .   (helmet restricted)
rElec   .          Harm     .   m - +2 cloak
rCorr   .          Rampage  .   s - +0 pair of gloves
Will    +....                   (no boots)
Stlth   ++........              (no amulet)
HPRegen 0.19/turn               g - +6 ring of strength
MPRegen 0.10/turn               (no ring)

@: no status effects
A: breathe power, AC +6, unfitting armour, cold-blooded
a: Breathe Dispelling Energy, Renounce Religion, Channel Magic


You were on level 5 of the Dungeon.
You worshipped Sif Muna.
Sif Muna was pleased with you.
You visited 2 branches of the dungeon, and saw 7 of its levels.

You collected 116 gold pieces.

Inventory:

Hand Weapons
 f - the +6 mace "Puogaph" {vorpal, Int+3}
   (You found it on level 4 of the Dungeon)

   It inflicts extra damage upon your enemies.
   Int:       It affects your intelligence (+3).
 p - a +2 vampiric whip
Armour
 m - a +2 cloak (worn)
 s - a +0 pair of gloves (worn)
Jewellery
 g - a +6 ring of strength (left hand)
 r - a ring of poison resistance
Wands
 i - a wand of paralysis (10)
Scrolls
 e - 3 scrolls of brand weapon
 h - a scroll of silence {unknown}
 l - 3 scrolls of identify
 n - a scroll of acquirement {unknown}
 o - a scroll of enchant armour
 q - a scroll of summoning {unknown}
Potions
 a - a potion of might {unknown}
 b - a potion of curing {unknown}
 c - a potion of magic
 d - a potion of flight {unknown}
 j - 2 potions of ambrosia {unknown}
 k - 3 potions of mutation {unknown}


   Skills:
 + Level 3.5 Fighting
 + Level 2.9 Dodging
 - Level 1.7 Stealth
 * Level 9.6 Unarmed Combat


You had 6 spell levels left.
You didn't know any spells.
Your spell library contained the following spells:

 Spells                   Type           Power      Damage    Failure   Level
 Shock                    Conj/Air       0%         1d3       30%         1
 Corpse Rot               Necr/Air       0%         N/A       43%         2
 Poisonous Vapours        Pois/Air       0%         N/A       43%         2
 Swiftness                Air            0%         N/A       67%         3
 Airstrike                Air            0%         N/A       97%         4
 Summon Lightning Spire   Summ/Air       0%         N/A       97%         4
 Lightning Bolt           Conj/Air       0%         1d11      100%        5


Dungeon Overview and Level Annotations

Branches:
Dungeon (6/15)             Temple (1/1) D:5

Altars:
Ashenzari
Cheibriados
Dithmenos
Elyvilon
Fedhas
Gozag
Hepliaklqana
Kikubaaqudgha
Makhleb
Nemelex Xobeh
Okawaru
Qazlal
Ru
Sif Muna
Trog
Uskayaw
Vehumet
Wu Jian
Xom
Yredelemnul
Zin
The Shining One

Shops:
D:6 [


Innate Abilities, Weirdness & Mutations

You can breathe bolts of dispelling energy.
Your rich purple scales are hard. (AC +6)
You cannot fit into any form of body armour.
You are cold-blooded and may be slowed by cold attacks.


Message History

The centaur hits you but does no damage.
The centaur barely misses you.
You see here a hound corpse.
You punch the centaur!
The centaur is severely wounded.
The centaur hits you.
* * * LOW HITPOINT WARNING * * *
The centaur kicks you but does no damage.
You hit the centaur.
You kill the centaur!
Sif Muna accepts your kill.
Found a metallic emerald potion.
A howler monkey comes into view.
Things that are here:
a +0 shortbow; 9 arrows
Found Muit's Antique Armour Shoppe.
You start resting.
A howler monkey is nearby!
A howler monkey is nearby!
A howler monkey is nearby!
Things that are here:
a +0 shortbow; 9 arrows You see here a hound corpse.
An ogre comes into view. It is wielding a +0 giant club.
The ogre hits you with a +0 giant club.
* * * LOW HITPOINT WARNING * * *
There is a stone staircase leading up here.
The ogre hits you with a +0 giant club!
* * * LOW HITPOINT WARNING * * *
You climb upwards.
There is a stone staircase leading down here.
You hit the ogre. You tail-slap the ogre. Your punch misses the ogre.
The ogre is lightly wounded.
The ogre closely misses you.
You punch the ogre!
The ogre is heavily wounded.
You hit the ogre.
The ogre is severely wounded.
The ogre hits you with a +0 giant club!!
You die...

..# #.# ##.#....##..#.###..#
..# #.# #.####..#.....#..##
..# #.# #..####....##...###
..# #.## ##..###........## #
######..###
#####.#...#...##.# # #
##......###........####....#
# ###.....#..#..###...##
###..####
##.......#.#.####...##
##...##
##.......#...###@....#
#.#.##
##...)..[..####O.#.#.#
#.#...
###.....##.####.##...#
#.####
..#.....##......###..#
#..... #.....<..####..##
##.### #..### #........#
#..#####...#####..#
##.......#
##....#.......##..#
##.....##
##.##.........##..###
##...##
#..###...............


You could see an ogre.

Vanquished Creatures
  A wyvern (D:4)
  2 sky beasts (D:5)
  An ice beast (D:5)
  A necrophage (D:5)
  An ogre (D:5)
  A centaur (D:6)
  A water moccasin skeleton (D:5)
  A howler monkey (D:5)
  A centaur zombie (D:4)
  A hound (D:6)
  An orc priest (D:5)
  A centaur skeleton (D:4)
  3 adders
  2 white imps (D:5)
  2 worms (D:2)
  2 dart slugs
  5 orcs
  7 endoplasms
  2 giant cockroaches
  5 goblins
  4 hobgoblins (D:2)
  7 jackals
  A quokka (D:1)
  6 ball pythons
  3 bats (D:2)
  6 frilled lizards
  3 kobolds
  4 rats
75 creatures vanquished.

Notes
Turn   | Place    | Note
-------+----------+-------------------------------------------
     0 | D:1      | pkoi the Draconian Monk began the quest for the Orb.
     0 | D:1      | Reached XP level 1. HP: 19/19 MP: 1/1
   562 | D:1      | Reached XP level 2. HP: 26/26 MP: 2/2
  1048 | D:2      | Reached skill level 4 in Unarmed Combat
  1212 | D:2      | Reached XP level 3. HP: 31/31 MP: 3/3
  1447 | D:2      | Found a shimmering blue altar of Sif Muna.
  2107 | D:3      | Reached XP level 4. HP: 38/38 MP: 4/4
  2147 | D:3      | Found a faded altar of an unknown god.
  2307 | D:3      | Reached skill level 5 in Unarmed Combat
  2626 | D:3      | Found a bloodstained altar of Trog.
  3247 | D:4      | Identified the +6 mace "Puogaph" {vorpal, Int+3}
  3465 | D:4      | Reached XP level 5. HP: 44/45 MP: 5/5
  3706 | D:5      | Entered Level 5 of the Dungeon
  3706 | D:5      | Noticed a sky beast
  3711 | D:5      | Noticed a wyvern
  3719 | D:4      | Killed a wyvern
  3720 | D:4      | Reached skill level 6 in Unarmed Combat
  3720 | D:4      | Reached XP level 6. HP: 34/51 MP: 6/6
  3928 | D:5      | Reached skill level 7 in Unarmed Combat
  4319 | D:5      | Reached skill level 8 in Unarmed Combat
  4356 | D:5      | Your scales start taking on a rich purple colour.
  4356 | D:5      | Reached XP level 7. HP: 16/57 MP: 7/7
  4606 | D:5      | Found a staircase to the Ecumenical Temple.
  4619 | Temple   | Entered the Ecumenical Temple
  4832 | Temple   | Became a worshipper of Sif Muna the Loreminder
  4832 | Temple   | Reached * piety under Sif Muna
  4832 | Temple   | Reached ** piety under Sif Muna
  5402 | D:5      | Reached skill level 9 in Unarmed Combat
  6014 | D:6      | Found Muit's Antique Armour Shoppe.
  6033 | D:5      | Slain by an ogre

Illustrated notes

Levels and vault maps discovered:
D:1:      wheals_arrival_shading, layout_basic
D:2:      layout_loops_ring, serial_rivers, chequers_serial_rivers_micro_a,
          chequers_serial_rivers_large_b, chequers_serial_rivers_small_3,
          chequers_serial_rivers_small_b, chequers_serial_rivers_micro_e,
          chequers_serial_rivers_micro_a, basic_altar
D:3:      layout_basic, mainiacjoe_overflow_tiny_flanked,
          shapermc_ecumenical_altar_venn, serial_rivers,
          chequers_serial_rivers_large_a, chequers_serial_rivers_room_b,
          chequers_serial_rivers_micro_d, chequers_serial_rivers_small_b,
          chequers_serial_rivers_micro_a
D:4:      layout_rooms
D:5:      layout_rooms, minmay_temple_entry_wispy
D:6:      layout_basic, serial_shops, shop_statue
Temple:   minmay_crystal_snake_temple

Skill      XL: |  1  2  3  4  5  6  7 |
---------------+----------------------+-----
Unarmed Combat | 4 5 6 8 9 |  9.6
Fighting       | |  3.5
Dodging        | |  2.9
Stealth        | |  1.7

Action                   |  1- 3 |  4- 6 |  7- 9 || total
-------------------------+-------+-------+-------++-------
Melee: Unarmed           |   155 |    39 |    37 ||   231
       Tailslap          |    14 |    14 |     9 ||    37
       Punch             |     5 |     7 |     2 ||    14
       Mace              |       |    55 |    16 ||    71
 Abil: Breathe Dispellin |       |       |     1 ||     1
  Use: Scroll            |     2 |     8 |       ||    10
 Stab: Sleeping          |     6 |     3 |       ||     9
Armor: Skin              |    53 |    59 |    31 ||   143
Dodge: Dodged            |   105 |    75 |    26 ||   206
